 Dungeon Crawl Stone Soup version 0.30.0-19-g36f170ea60 (webtiles) character file.

Game seed: 14431445755898298216

29208 cheesebisquit the Stormcaller (level 13, -9/83 HPs)
             Began as a Tengu Air Elementalist on May 26, 2023.
             Was an Elder of Vehumet.
             Mangled by a centaur warrior simulacrum (29 damage)
             ... on level 13 of the Dungeon.
             The game lasted 02:09:42 (30879 turns).

cheesebisquit the Stormcaller (TeAE)               Turns: 30879, Time: 02:09:43

Health: -9/83      AC: 15    Str:  9    XL:     13   Next: 43%
Magic:  21/21      EV: 14    Int: 22    God:    Vehumet [****..]
Gold:   429        SH:  0    Dex: 15    Spells: 7/22 levels left

rFire   . . .        P - +5 dire flail
rCold   . . .        (shield currently unavailable)
rNeg    + + .        E - +1 scale mail of the Lost Path {Fly rN++ Will+ Int+2}
rPois   .            (helmet restricted)
rElec   .            W - +2 cloak {Stlth+}
rCorr   .            (no gloves)
SInv    .            (boots unavailable)
Will    ++...        T - amulet of regeneration
Stlth   ++           p - +4 ring of protection
HPRegen 1.13/turn    x - ring of willpower
MPRegen 0.17/turn

%: no passive effects
@: flying quickly and evasively, quick
A: beak, talons 3, nimble flight
a: Renounce Religion


You were on level 13 of the Dungeon.
You worshipped Vehumet.
Vehumet was greatly pleased with you.
You visited 2 branches of the dungeon, and saw 15 of its levels.

You collected 968 gold pieces.
You spent 539 gold pieces at shops.

Inventory:

Hand Weapons
 c - a +0 shortbow
 y - a +4 flail of pain
 C - a +2 spear of freezing
 K - a +3 vampiric war axe
 P - a +5 dire flail (weapon)
 X - a +3 morningstar of freezing
Missiles
 a - 4 throwing nets
 j - 42 poisoned darts
 m - 10 javelins
 s - 11 atropa-tipped darts
 J - 4 boomerangs
Armour
 t - a +2 robe of cold resistance
 E - the +1 scale mail of the Lost Path (worn) {Fly rN++ Will+ Int+2}
   (You found it on level 11 of the Dungeon)

   Int:       It affects your intelligence (+2).
   rN:        It greatly protects you from negative energy.
   Fly:       It grants you flight.
   Will:      It increases your willpower.
 V - a +2 robe of positive energy
 W - a +2 cloak of stealth (worn)
 Z - +0 acid dragon scales
Magical Staves
 u - a staff of cold
Jewellery
 b - a ring of ice
 d - a ring of willpower
 n - an amulet of faith
 p - a +4 ring of protection (left hand)
 v - a ring of fire
 x - a ring of willpower (right hand)
 B - a +6 ring of strength
 Q - a ring of wizardry
 T - an amulet of regeneration (around neck)
Wands
 k - a wand of paralysis (30)
 r - a wand of light (33)
 w - a wand of polymorph (15)
 N - a wand of flame (36)
 S - a wand of mindburst (9)
Scrolls
 e - 2 scrolls of identify
 g - a scroll of amnesia
 o - 7 scrolls of teleportation
 q - 2 scrolls of magic mapping
 A - a scroll of fog
 G - a scroll of fear
 M - a scroll of butterflies {unknown}
 O - 2 scrolls of blinking
Potions
 f - 5 potions of ambrosia
 h - 5 potions of attraction
 i - a potion of flight {unknown}
 l - 2 potions of mutation
 z - 2 potions of might
 D - 3 potions of curing
 H - a potion of invisibility {unknown}
 I - a potion of berserk rage {unknown}
 L - a potion of brilliance
 R - 6 potions of lignification
 U - 2 potions of cancellation {unknown}
 Y - a potion of resistance {unknown}


   Skills:
 + Level 10.6 Fighting
 + Level 4.0 Armour
 + Level 11.7 Dodging
 - Level 2.0 Stealth
 - Level 5.0 Spellcasting
 - Level 10.0 Conjurations
 + Level 15.3 Air Magic
 + Level 7.9 Poison Magic


You had 7 spell levels left.
You knew the following spells:

 Your Spells              Type           Power      Damage    Failure   Level
a - Shock                 Conj/Air       100%       1d9       1%          1
b - Static Discharge      Conj/Air       100%       2-7/arc   1%          2
c - Swiftness             Air            65%        N/A       1%          3
d - Airstrike             Air            32%        2d(5-21)  1%          4
e - Poisonous Vapours     Pois/Air       100%       N/A       1%          2
f - Mephitic Cloud        Conj/Pois/Air  53%        N/A       1%          3

Your spell library contained the following spells:

 Spells                   Type           Power      Damage    Failure   Level
 Fulminant Prism          Conj/Hex       13%        3d9       22%         4
 Momentum Strike          Conj/Tloc      54%        3d9       4%          2
 Olgreb's Toxic Radiance  Pois           40%        N/A       7%          4
 Sting                    Tmut/Pois      88%        1d7       14%         1
 Flame Wave               Conj/Fire      27%        2d9       22%         4
 Sticky Flame             Conj/Fire      27%        2d5       22%         4
 Spider Form              Tmut/Pois      22%        N/A       38%         3
 Inner Flame              Hex/Fire       5%         N/A       45%         3
 Apportation              Tloc           10%        N/A       56%         1
 Beastly Appendage        Tmut           10%        N/A       56%         1
 Necrotise                Necr           20%        1d5       56%         1
 Summon Small Mammal      Summ           20%        N/A       56%         1
 Blink                    Tloc           10%        N/A       71%         2
 Ensorcelled Hibernation  Hex/Ice        10%        N/A       71%         2
 Lesser Beckoning         Tloc           10%        N/A       71%         2
 Wereblood                Tmut           5%         N/A       71%         2
 Call Canine Familiar     Summ           5%         N/A       91%         3
 Summon Guardian Golem    Hex/Summ       5%         N/A       91%         3
 Vampiric Draining        Necr           5%         2d6       91%         3
 Alistair's Intoxication  Tmut/Pois      14%        N/A       98%         5
 Anguish                  Hex/Necr       2%         N/A       100%        4
 Agony                    Necr           5%         N/A       100%        5
 Blade Hands              Tmut           2%         N/A       100%        5
 Necromutation            Tmut/Necr      2%         N/A       100%        8


Dungeon Overview and Level Annotations

Branches:
Dungeon (14/15)            Temple (1/1) D:6            Lair (0/5) D:9
    Orc (0/2) D:9          Vaults (0/5) D:13

Altars:
Ashenzari
Cheibriados
Dithmenos
Elyvilon
Fedhas
Gozag
Hepliaklqana
Kikubaaqudgha
Makhleb
Nemelex Xobeh
Okawaru
Qazlal
Ru
Sif Muna
Trog
Uskayaw
Vehumet
Wu Jian
Xom
Yredelemnul
Zin
The Shining One

Shops:
D:3 [   D:4 *

Annotations:
D:12 exclusion: 2 downstairs
D:13 Nessos, Rupert


Innate Abilities, Weirdness & Mutations

You have a beak for a mouth.
You have claws for feet.
Your magical nature lets you fly swiftly and evasively.


Message History

The centaur warrior simulacrum barely misses you.
The centaur warrior simulacrum kicks you but does no damage.
The centaur warrior simulacrum attacks as you move away!
The centaur warrior simulacrum hits you but does no damage.
The centaur warrior simulacrum misses you.
The human shouts!
The centaur warrior simulacrum attacks as you move away!
The centaur warrior simulacrum barely misses you.
The centaur warrior simulacrum kicks you but does no damage.
You puncture the centaur warrior simulacrum!
You peck the centaur warrior simulacrum.
The centaur warrior simulacrum is almost destroyed.
The centaur warrior simulacrum barely misses you.
The centaur warrior simulacrum misses you.
The centaur warrior simulacrum hits you but does no damage.
The centaur warrior simulacrum kicks you but does no damage.
You thump the centaur warrior simulacrum!
The centaur warrior simulacrum vaporises!
Vehumet accepts your kill.
You feel your power returning.
The centaur warrior simulacrum hits you but does no damage.
The centaur warrior simulacrum kicks you but does no damage.
The human shouts!
You thump the centaur warrior simulacrum!
You claw the centaur warrior simulacrum.
You peck the centaur warrior simulacrum.
The centaur warrior simulacrum is heavily damaged.
The centaur warrior simulacrum misses you.
The centaur warrior simulacrum kicks you.
The centaur warrior simulacrum freezes you!!
* * * LOW HITPOINT WARNING * * *
The centaur warrior simulacrum barely misses you. x2
You hit the centaur warrior simulacrum.
You claw the centaur warrior simulacrum.
The centaur warrior simulacrum is almost destroyed.
The centaur warrior simulacrum misses you. x2
The centaur warrior simulacrum hits you.
* * * LOW HITPOINT WARNING * * *
The centaur warrior simulacrum freezes you!!
You die...

,,,,,,,,,,~,,~,~,,,,+...YZ.,,*
,,,,,,,+..~~.~...#***,...Y#***
,,,,,,,....~.~~..# *,,...#
,,***,,,#....~ā‰ˆ..# **##'#*
*** *****.p..~~..# #..# ###*
*,....~..# #.## ...*
#####..~~#* ##'##### ..p*
###......#ā‰ˆ######......#
...*##........pā‰ˆ@....#..<)..#
...##..#......#Z####.'......#
p..'..##......ā‰ˆ## ###......#
...#####......~# #......# ...*
##.###### #####'## ###* #..#
#.# * #.## ##.# * #.# ##..# *
#.# #..##


You could see 2 humans and a centaur warrior simulacrum.

Vanquished Creatures
  Fannar (D:10)
  A hydra (D:14)
  A centaur warrior (D:13)
  5 two-headed ogres
  A death yak (D:8)
  5 skeletal warriors
  Pikel (D:7)
  An oklob plant (D:7)
  2 deep elf pyromancers (D:12)
  An ugly thing (D:10)
  A cyclops (D:11)
  Maurice (D:8)
  Joseph (D:8)
  A gargoyle (D:12)
  Maggie (D:6)
  Psyche (D:8)
  2 komodo dragons
  3 trolls
  3 polar bears
  Prince Ribbit (D:5)
  A merfolk (D:11)
  A hornet (D:9)
  Grinder (D:3)
  6 slime creatures
  2 shadows
  3 wyverns
  5 hogs
  A wraith (D:12)
  16 yaks
  A steam dragon (D:9)
  3 vampire mosquitoes (D:12)
  2 humans (D:12)
  Edmund (D:4)
  Menkaure (D:6)
  4 acid dragons
  Duvessa (D:4)
  2 water moccasins (D:9)
  7 orc warriors
  2 ice beasts (D:12)
  A sky beast (D:7)
  11 black bears
  A wolf (D:9)
  2 ogres
  11 centaurs
  2 phantoms (D:6)
  4 kobold brigands
  2 scorpions
  7 bullfrogs
  3 gnoll sergeants (D:11)
  22 wights
  Dowan (D:4)
  18 killer bees
  2 howler monkeys
  7 electric eels
  4 gnoll boudas
  A jelly (D:6)
  4 orc priests
  A hound (D:11)
  3 sleepcaps
  Ijyb (D:4)
  6 orc wizards
  2 iguanas (D:5)
  Natasha (thrice) (D:2)
  2 spriggan simulacra (D:13)
  4 centaur simulacra
  A boggart simulacrum (D:13)
  A killer bee simulacrum (D:9)
  12 gnolls
  4 adders
  A shadow imp (D:5)
  4 white imps
  A howler monkey simulacrum (D:9)
  3 ufetubi
  A worm (D:5)
  2 dart slugs
  28 orcs
  5 endoplasms
  7 giant cockroaches
  8 goblins
  4 hobgoblins
  5 jackals
  3 quokkas
  3 ball pythons
  3 bats (D:1)
  3 frilled lizards
  21 kobolds
  3 rats
342 creatures vanquished.

Vanquished Creatures (others)
  A wolf (D:9)
  An orc (D:7)
2 creatures vanquished.

Grand Total: 344 creatures vanquished

Notes
Turn   | Place    | Note
-------+----------+-------------------------------------------
     0 | D:1      | cheesebisquit the Tengu Air Elementalist began the quest
                  | for the Orb.
     0 | D:1      | Reached XP level 1. HP: 10/10 MP: 4/4
   298 | D:1      | Reached XP level 2. HP: 15/15 MP: 3/6
   344 | D:1      | Learned a level 2 spell: Static Discharge
  1129 | D:2      | Reached XP level 3. HP: 17/19 MP: 1/7
  1439 | D:2      | Noticed Natasha
  1444 | D:2      | Killed Natasha
  1445 | D:2      | Reached XP level 4. HP: 21/24 MP: 2/9
  1449 | D:2      | Learned a level 3 spell: Swiftness
  1672 | D:2      | Found a faded altar of an unknown god.
  1716 | D:2      | Noticed Natasha
  1724 | D:2      | Killed Natasha
  1725 | D:2      | Reached skill level 5 in Air Magic
  1850 | D:2      | Found a faded altar of an unknown god.
  1894 | D:2      | Noticed Natasha
  1899 | D:2      | Killed Natasha
  2175 | D:3      | Gained mutation: Your magical nature lets you fly swiftly
                  | and evasively. [Tengu growth]
  2175 | D:3      | Reached XP level 5. HP: 28/28 MP: 6/10
  2227 | D:3      | Found Vimpacwuapo's Antique Armour Boutique.
  2320 | D:3      | Learned a level 4 spell: Airstrike
  2484 | D:3      | Noticed Grinder
  2621 | D:3      | Found a basalt altar of Yredelemnul.
  3090 | D:4      | Noticed Edmund
  3502 | D:4      | Noticed Ijyb
  3637 | D:4      | Killed Ijyb
  3702 | D:4      | Found Gaoc's Neck Hole.
  3920 | D:4      | Killed Edmund
  3921 | D:4      | Reached skill level 6 in Air Magic
  3921 | D:4      | Reached XP level 6. HP: 32/32 MP: 0/12
  4052 | D:4      | Noticed Duvessa
  4182 | D:4      | Found a hide-covered altar of Uskayaw.
  4231 | D:3      | Killed Grinder
  4232 | D:3      | Reached skill level 5 in Conjurations
  4232 | D:3      | Reached XP level 7. HP: 36/36 MP: 8/14
  4458 | D:3      | Found Vimpacwuapo's Antique Armour Boutique.
  4596 | D:3      | Found a basalt altar of Yredelemnul.
  4762 | D:4      | Found Gaoc's Neck Hole.
  5003 | D:4      | Found a hide-covered altar of Uskayaw.
  5075 | D:5      | Entered Level 5 of the Dungeon
  5469 | D:5      | Reached skill level 7 in Air Magic
  5905 | D:5      | Found an ornate altar of the Wu Jian Council.
  6023 | D:5      | Noticed Prince Ribbit
  6029 | D:5      | Killed Prince Ribbit
  6234 | D:5      | Reached skill level 5 in Spellcasting
  6234 | D:5      | Reached XP level 8. HP: 41/41 MP: 10/16
  6377 | D:5      | Reached skill level 1 in Fighting
  6377 | D:5      | Reached skill level 8 in Air Magic
  6438 | D:5      | Found a shadowy altar of Dithmenos.
  7579 | D:6      | Noticed Menkaure
  7582 | D:6      | Killed Menkaure
  8131 | D:6      | Found a staircase to the Ecumenical Temple.
  8137 | Temple   | Entered the Ecumenical Temple
  8289 | Temple   | Became a worshipper of Vehumet
  8406 | D:6      | Found an opulent altar of Gozag.
  8683 | D:7      | Noticed a troll
  8741 | D:7      | Reached skill level 9 in Air Magic
  8741 | D:7      | Reached XP level 9. HP: 38/50 MP: 11/17
  8999 | D:7      | Noticed Maggie
  9152 | D:6      | Killed Maggie
  9258 | D:7      | Killed a troll
  9259 | D:7      | Reached skill level 5 in Dodging
  9446 | D:7      | Noticed Pikel
  9589 | D:7      | Reached skill level 10 in Air Magic
  9723 | D:7      | Found a hazy altar of Hepliaklqana.
  9905 | D:7      | Found a blossoming altar of Fedhas.
  9919 | D:7      | Noticed an oklob plant
 12421 | D:7      | Killed Pikel
 12422 | D:7      | Reached skill level 5 in Fighting
 12537 | D:7      | Reached XP level 10. HP: 59/59 MP: 13/18
 12651 | D:7      | Found a sacrificial altar of Ru.
 13106 | D:8      | Noticed Maurice
 13119 | D:8      | Killed Maurice
 13322 | D:8      | Noticed Joseph
 13410 | D:8      | Killed Joseph
 13410 | D:8      | Reached * piety under Vehumet
 13410 | D:8      | Offered knowledge of Kiss of Death by Vehumet.
 13411 | D:8      | Reached skill level 10 in Conjurations
 13575 | D:8      | Reached skill level 11 in Air Magic
 14121 | D:8      | Got the Discursus on Composition and the Bonfire
 14704 | D:8      | Noticed Psyche
 14708 | D:8      | Killed Psyche
 14912 | D:8      | Reached ** piety under Vehumet
 14912 | D:8      | Offered knowledge of Poisonous Vapours by Vehumet.
 15012 | D:8      | Learned a level 2 spell: Poisonous Vapours
 15127 | D:8      | Reached skill level 1 in Poison Magic
 15134 | D:8      | Reached skill level 12 in Air Magic
 15286 | D:8      | Reached XP level 11. HP: 67/67 MP: 2/19
 15946 | D:9      | Noticed a two-headed ogre
 16040 | D:8      | Killed a two-headed ogre
 16188 | D:9      | Noticed a death yak
 16430 | D:9      | Offered knowledge of Mephitic Cloud by Vehumet.
 16435 | D:9      | Learned a level 3 spell: Mephitic Cloud
 16494 | D:8      | Reached *** piety under Vehumet
 16949 | D:7      | Killed an oklob plant
 17145 | D:8      | Killed a death yak
 17245 | D:9      | Found a staircase to the Lair.
 17262 | D:9      | Found a transporter.
 17266 | D:9      | Found a transporter.
 17369 | D:9      | Reached skill level 13 in Air Magic
 17464 | D:9      | Found a transporter.
 17667 | D:9      | Offered knowledge of Sticky Flame by Vehumet.
 18032 | D:4      | Bought an amulet of regeneration for 390 gold pieces
 18050 | D:4      | Noticed Dowan
 18056 | D:4      | Killed Duvessa
 18059 | D:4      | Killed Dowan
 18205 | D:4      | Found Gaoc's Neck Hole.
 18479 | D:4      | Found a hide-covered altar of Uskayaw.
 19044 | D:9      | Found a staircase to the Orcish Mines.
 19372 | D:9      | Found a transporter.
 19505 | D:10     | Entered Level 10 of the Dungeon
 19732 | D:4      | Bought a +0 cloak of stealth for 149 gold pieces
 20082 | D:10     | Noticed Fannar
 20095 | D:10     | Killed Fannar
 20096 | D:10     | Reached skill level 5 in Poison Magic
 20096 | D:10     | Reached XP level 12. HP: 49/75 MP: 11/20
 20348 | D:10     | Found a broken altar of Ashenzari.
 20613 | D:10     | Found a shimmering blue altar of Sif Muna.
 20848 | D:10     | Reached skill level 10 in Dodging
 22121 | D:11     | Reached skill level 14 in Air Magic
 22198 | D:11     | Reached **** piety under Vehumet
 22337 | D:11     | Noticed a two-headed ogre
 22348 | D:10     | Killed a two-headed ogre
 23036 | D:11     | Found a stormy altar of Qazlal.
 23050 | D:11     | Offered knowledge of Fulminant Prism by Vehumet.
 23168 | D:11     | Noticed a two-headed ogre
 23171 | D:11     | Killed a two-headed ogre
 23525 | D:11     | Noticed a two-headed ogre
 23554 | D:11     | Killed a two-headed ogre
 24031 | D:11     | Identified the +1 scale mail of the Lost Path {Fly rN++
                  | Will+ Int+2}
 24504 | D:11     | Noticed a two-headed ogre
 24531 | D:11     | Killed a two-headed ogre
 24532 | D:11     | Reached skill level 10 in Fighting
 24532 | D:11     | Reached skill level 1 in Armour
 26329 | D:12     | Reached XP level 13. HP: 82/82 MP: 21/21
 26349 | D:12     | You are sucked into a shaft and drop 2 floors!
 26503 | D:13     | Found a frozen archway.
 26693 | D:12     | Reached skill level 15 in Air Magic
 30028 | D:13     | Noticed Nessos
 30028 | D:13     | Noticed Rupert
 30028 | D:13     | Found a gate to the Vaults.
 30879 | D:13     | Mangled by a centaur warrior simulacrum

Illustrated notes

Levels and vault maps discovered:
D:1:      onia_arrival_mini_spirals, layout_loops_ring
D:2:      layout_rooms, chequers_ecumenical_altar_lobes, st_stairs_8,
          uniq_natasha
D:3:      layout_rooms, lemuel_round_altar, serial_shops, shop, uniq_grinder
D:4:      kennysheep_the_goblin_king, layout_rooms, nicolae_uskayaw_suspiria,
          nicolae_shop_sticking_my_neck_out, uniq_edmund, uniq_duvessa
D:5:      layout_basic, kennysheep_mini_moat, nicolae_wu_jian_wuxing_cycle,
          minmay_misc_feat_x, uniq_prince_ribbit1
D:6:      layout_gridville, grunt_gozag_statues,
          minmay_temple_entry_gardened_gates, chequers_avenue,
          nicolae_elevator_lobby_plus, uniq_menkaure
D:7:      layout_loops_cross, mainiacjoe_overflow_catwalk,
          mainiacjoe_overflow_alcove_2, tgw_fedhas, grunt_ogre_cave,
          uniq_maggie, uniq_pikel
D:8:      kennysheep_blocky_hall, layout_basic, minmay_quadrilaterals,
          uniq_maurice, uniq_joseph, uniq_psyche
D:9:      layout_loops_ring, due_lair_maze_entry_diamond, orc_0_dummy,
          serial_ice, serial_ice_i, serial_ice_c, serial_ice_e, serial_ice_m,
          serial_ice_o, serial_ice_n, serial_ice_g, nicolae_transporter_circle
D:10:     layout_grid_maze, lemuel_blue_sif_altar, cheibrodos_ashenzari_chains,
          uniq_fannar
D:11:     kennysheep_town, serial_shops
D:12:     layout_layer_cave
D:13:     layout_roguey, david_vaults_3, serial_ice, serial_ice_b, serial_ice_k,
          serial_ice_f, serial_ice_h, portal_ice_cave_entry_ice_simulacra
D:14:     layout_roguey, nicolae_hepliaklqana_hazy_memory
Temple:   hellmonk_temple_forest_ring

Skill      XL: |  1  2  3  4  5  6  7  8  9 10 11 12 13 |
---------------+----------------------------------------+-----
Conjurations   | 2 3 4 5 6 8 9 10 | 10.0
Air Magic      | 5 6 7 9 10 12 13 14 15 | 15.3
Spellcasting   | 3 4 5 |  5.0
Fighting       | 3 5 7 8 10 | 10.6
Dodging        | 4 6 8 9 11 | 11.7
Poison Magic   | 1 5 7 |  7.9
Armour         | 2 4 |  4.0
Stealth        | |  2.0

Action                     |  1- 3 |  4- 6 |  7- 9 | 10-12 | 13-15 || total
---------------------------+-------+-------+-------+-------+-------++-------
  Melee: Unarmed           |     5 |       |       |       |       ||     5
         Peck              |     2 |     2 |    15 |    65 |    21 ||   105
         Kick              |     1 |     2 |    23 |    94 |    27 ||   147
         Dagger            |     5 |     7 |     8 |       |       ||    20
         Punch             |     1 |       |     4 |     3 |       ||     8
         Spear             |       |       |    47 |    98 |       ||   145
         War axe           |       |       |    16 |       |       ||    16
         Dire flail        |       |       |       |   108 |    54 ||   162
  Throw: Dart              |       |       |     1 |       |       ||     1
         Boomerang         |       |       |       |       |    50 ||    50
   Cast: Shock             |    60 |    64 |    90 |   133 |    72 ||   419
         Airstrike         |       |    11 |   102 |   147 |    59 ||   319
         Static Discharge  |       |       |     4 |    52 |     5 ||    61
         Poisonous Vapours |       |       |       |   154 |     2 ||   156
         Mephitic Cloud    |       |       |       |     8 |       ||     8
         Swiftness         |       |       |       |     1 |       ||     1
  Evoke: Wand              |       |       |       |     3 |       ||     3
    Use: Scroll            |       |     6 |     7 |     9 |     3 ||    25
         Potion            |       |     3 |     6 |     3 |     2 ||    14
 Armour: Robe              |     5 |     5 |    11 |       |       ||    21
         Steam dragon scal |       |       |     3 |    32 |       ||    35
         Acid dragon scale |       |       |       |    20 |       ||    20
         Scale mail        |       |       |       |    16 |    70 ||    86
  Dodge: Dodged            |    10 |    14 |    86 |   266 |   109 ||   485
         Repelled          |       |       |     7 |       |       ||     7
